 Dungeon Crawl Stone Soup version 0.27.0-1-g7a089689b8 (webtiles) character file.

Game seed: 18069515504763740524

32 SnakkuSnakku7 the Skirmisher (level 3, -3/39 HPs)
             Began as an Ogre Delver on Aug 6, 2021.
             Slain by a sky beast (5 damage)
             ... on level 6 of the Dungeon.
             The game lasted 00:01:55 (808 turns).

SnakkuSnakku7 the Skirmisher (Ogre Delver)           Turns: 808, Time: 00:01:56

Health: -3/39      AC:  3    Str: 17    XL:     3   Next: 27%
Magic:  3/3        EV:  9    Int: 11    God:
Gold:   32         SH:  0    Dex: 10    Spells: 2/2 levels left

rFire    . . .     SeeInvis .   a - +0 mace
rCold    . . .     Faith    .   (no shield)
rNeg     . . .     Spirit   .   b - +0 robe
rPois    .         Reflect  .   (helmet restricted)
rElec    .         Harm     .   (no cloak)
rCorr    .         Rampage  .   (gloves unavailable)
Will     .....                  (boots unavailable)
Stlth    ++........             (no amulet)
HPRegen  0.13/turn              (no ring)
MPRegen  0.08/turn              (no ring)

@: no status effects
A: large, unfitting armour, tough skin 1
a: no special abilities


You were on level 6 of the Dungeon.
You visited 1 branch of the dungeon, and saw 2 of its levels.

You collected 32 gold pieces.

Inventory:

Hand Weapons
 a - a +0 mace (weapon)
Armour
 b - a +0 robe (worn)
Wands
 g - a wand of digging (3)
Scrolls
 c - a scroll of fog
 d - a scroll of magic mapping
Potions
 h - a potion of resistance {unknown}
 j - a potion of heal wounds {unknown}


   Skills:
 - Level 4.0 Fighting
 - Level 1.7 Maces & Flails
 + Level 2.8 Throwing
 - Level 1.7 Dodging
 - Level 3.7 Stealth


You had 2 spell levels left.
You didn't know any spells.
Your spell library was empty.

Dungeon Overview and Level Annotations

Branches:
Dungeon (6/15)
 Temple: D:4-7

Altars:
Uskayaw

Shops:
D:5 [


Innate Abilities, Weirdness & Mutations

You are too large for most types of armour.
You have tough skin. (AC +1)


Message History

The sky beast flickers out of sight!
Deactivating autopickup; reactivate with Ctrl-A.
A sky beast appears from thin air!
Reactivating autopickup.
Okay, then.
The sky beast flickers out of sight!
Deactivating autopickup; reactivate with Ctrl-A.
A sky beast appears from thin air!
Reactivating autopickup.
The sky beast flickers out of sight!
Deactivating autopickup; reactivate with Ctrl-A.
You see here 4 poisoned darts.
You see here a poisoned dart.
i - a poisoned dart Throw: dart (poison)
Press: ? - help, Q - select action Shift-Dir - straight line You throw a poisoned dart.
Something hits you. Something shocks you.
Unknown command.
A sky beast appears from thin air!
Reactivating autopickup.
The sky beast looks more healthy.
You hit the sky beast but do no damage.
The sky beast is moderately wounded.
The sky beast hits you.
* * * LOW HITPOINT WARNING * * *
The sky beast shocks you.
* * * LOW HITPOINT WARNING * * *
You closely miss the sky beast.
The sky beast is moderately wounded.
The sky beast hits you but does no damage.
You barely miss the sky beast.
The sky beast is lightly wounded.
The sky beast closely misses you. The sky beast barely misses you.
You completely miss the sky beast.
The sky beast is lightly wounded.
The sky beast hits you.
* * * LOW HITPOINT WARNING * * *
The sky beast shocks you.
You die...

###############
#....@Y....(..#
###.###########.#
#...# #.# #.###
#.# #Y# #.# #.#
#.# #.# #.# #.#
#.# #.# #.#


You could see a sky beast.

Vanquished Creatures
  An iguana (D:6)
  A shadow imp (D:6)
2 creatures vanquished.

Notes
Turn   | Place    | Note
-------+----------+-------------------------------------------
     0 | D:5      | SnakkuSnakku7 the Ogre Delver began the quest for the Orb.
     0 | D:5      | Reached XP level 1. HP: 24/24 MP: 1/1
    50 | D:5      | Noticed a yak
    50 | D:5      | Noticed a yak
    79 | D:6      | Found a hide-covered altar of Uskayaw.
    96 | D:6      | Noticed an iguana
   125 | D:6      | Killed an iguana
   126 | D:6      | Reached XP level 2. HP: 10/32 MP: 2/2
   126 | D:6      | Reached XP level 3. HP: 13/39 MP: 3/3
   505 | D:6      | Noticed a sky beast
   754 | D:6      | Noticed a centaur
   808 | D:6      | Slain by a sky beast

Illustrated notes

Levels and vault maps discovered:
D:5:      layout_rooms, serial_shops, shop, kennysheep_cross_bottleneck,
          kb_lookout_dungeons_type
D:6:      layout_basic, lemuel_crystal_altar, marbit_many_paths,
          mainiacjoe_overflow_large_starburst, temple_hall_moat

Skill      XL: |  1 |
---------------+----+-----
Throwing       | 2 |  2.8
Fighting       | |  4.0
Maces & Flails | |  1.7
Dodging        | |  1.7
Stealth        | |  3.7

Action                   || total
-------------------------++-------
Melee: Mace              ||    13
Throw: Dart              ||    24
  Use: Scroll            ||     1
       Potion            ||     1
Armor: Robe              ||     5
Dodge: Dodged            ||    14
